cohdb
Replays
Latest Replays
All Replays
Popular Replays
Top Player Replays
Match Explorer
How It Works
Community
CoH3 Stats
Reddit
Sign in to upload your games and track your stats! →
Sign in with Steam
Match 43773724
Unlisted
Match 43773724
Overview
Messages
Build Orders
End
Construct Section Command Post
ML 3-inch Mortar Team
Infantry Section
Infantry Section
Construct Platoon Command Post
Selects Air and Sea Battlegroup
Selects Supply Surplus
Construct Resource Cache
Construct Resource Cache
Construct Resource Cache
Construct Resource Cache
DarkLord
juve1975
tungkaitw
PYPA
【PZV】幸运的雪风酱Ciallo~(∠・ω< )⌒★
Razier
๏̯͡๏Yolo_4_Ever๏̯͡๏
Fugue_Heaven
0
0
Comments
sign in to comment!
No comments posted yet!